AoeStats
← recentbutdecent

Arabia

503293103Analyzed
1v1 RM · 2mo ago on Aug 31, 2026· 46m 59s· 2 players
Game mode
Random Map
Map size
Tiny (2 player)
Population
200
Speed
Normal
Resources
Standard
Victory
Conquest
Starting age
Dark Age
Ending age
Imperial Age
RankedLock teamsTeams togetherTeam positionsShared explorationLock speedFull tech treeHidden civsTurbo modeCheats
Victory
Defeat
🇷🇸 Mongols · Serbia
661
+15
vs
🇺🇸 Bulgarians · United States
643
-15
recentbutdecent
12:21 Feudal Age
12:49 Horse Collar
12:56 Double-Bit Axe
17:55 Arson
21:41 Forging
22:03 Scale Barding Armor
28:18 Castle Age
28:52 Gambesons
29:09 Squires
32:17 Elite Skirmisher
32:57 Fletching
40:32 Iron Casting
Petr Viitman
7:33 Loom
11:57 Feudal Age
13:18 Wheelbarrow
12:40 Double-Bit Axe
12:38 Horse Collar
16:17 Forging
21:48 Castle Age
20:26 Gold Mining
21:40 Fletching
21:56 Scale Barding Armor
22:50 Bow Saw
23:15 Bodkin Arrow
24:30 Gold Shaft Mining
28:34 Stone Mining
29:17 Heavy Plow
31:21 Stone Shaft Mining
33:00 Ballistics
33:13 Chain Barding Armor
33:01 Husbandry
40:05 Imperial Age
42:36 Chemistry
41:36 Heavy Cavalry Archer
42:45 Parthian Tactics
Connection lost

Rejoining the realm…

Still unreachable

The connection could not be restored.

Session expired

The server has moved on; the page needs a fresh start.